 Dungeon Crawl Stone Soup version 0.21.1-1-g345015f (webtiles) character file.

33 Yawgmoth the Magician (level 3, -1/28 HPs)
             Began as a Naga Wizard on Feb 11, 2018.
             Slain by Terence
             ... wielding a +0 flail
              (9 damage)
             ... on level 1 of the Dungeon.
             The game lasted 00:07:14 (1662 turns).

Yawgmoth the Magician (Naga Wizard)                 Turns: 1662, Time: 00:07:15

Health: -1/28      AC:  2    Str:  9    XL:     3   Next: 29%
Magic:  3/8        EV: 10    Int: 19    God:
Gold:   24         SH:  0    Dex:  9    Spells: 3/9 levels left

rFire    . . .     SeeInvis +   (no weapon)
rCold    . . .     Gourm    .   (no shield)
rNeg     . . .     Faith    .   a - +0 robe
rPois    +         Spirit   .   b - +0 hat
rElec    .         Reflect  .   (no cloak)
rCorr    .         Harm     .   (no gloves)
MR       .....                  (no barding)
Stlth    ++........             (no amulet)
HPRegen  0.09/turn              (no ring)
MPRegen  0.11/turn              (no ring)

@: short of breath, very slightly contaminated, very slow
A: large, see invisible, deformed body, poison resistance, slowness 2, slow
metabolism 1, spit poison 1, AC +1
a: Spit Poison


You were on level 1 of the Dungeon.
You were hungry.

You visited 1 branch of the dungeon, and saw 2 of its levels.

You collected 24 gold pieces.

Inventory:

Armour
 a - a +0 robe (worn)
 b - a +0 hat (worn)
 h - a +0 leather armour
   (You found it on level 1 of the Dungeon)
Scrolls
 e - a scroll of amnesia {unknown}
 j - 2 scrolls of teleportation {unknown}
Potions
 g - a potion of cancellation {unknown}
 i - a potion of agility {unknown}
 k - a potion of haste {unknown}
Books
 c - a book of Minor Magic
Comestibles
 d - 2 rations
 f - 3 chunks of flesh {@w0}


   Skills:
 - Level 1.5 Dodging
 - Level 3.0 Stealth
 + Level 3.5 Spellcasting
 + Level 2.2 Conjurations
   Level 1.0 Summonings
 - Level 1.0 Translocations


You had 3 spell levels left.
You knew the following spells:

 Your Spells              Type           Power        Failure   Level  Hunger
a - Magic Dart            Conj           ##..         5%          1    None
b - Blink                 Tloc           N/A          14%         2    ##.....
x - Mephitic Cloud        Conj/Pois/Air  #.......     32%         3    ###....


Dungeon Overview and Level Annotations

Branches:
Dungeon (2/15)

Altars:
Kikubaaqudgha

Annotations:
D:1 Terence


Innate Abilities, Weirdness & Mutations

You cannot wear boots.
Your serpentine skin is tough. (AC +1)
You have supernaturally acute eyesight. (SInv)
Armour fits poorly on your strangely shaped body.
Your system is resistant to poisons. (rPois)
You cover ground very slowly.
You have a slow metabolism.
You can spit poison.


Message History

A goblin comes into view.
There is a stone staircase leading up here.
Aim: a goblin (resting)
The magic dart hits the goblin.
You kill the goblin!
You now have 7/8 mp.
You see here a scale mail.
MP restored: 8
j - a scroll labeled CUETEROTUU All of the chunks of flesh in your inventory have rotted away.
A hobgoblin comes into view.
Aim: a hobgoblin (resting)
The magic dart hits the hobgoblin.
The hobgoblin shouts!
A goblin comes into view. It is wielding a dagger.
You now have 7/8 mp.
Unknown command.
Aim: a hobgoblin (heavily wounded)
You miscast Magic Dart.
You are very lightly contaminated with residual magic.
Nothing appears to happen.
You now have 6/8 mp.
Aim: a hobgoblin (heavily wounded)
The magic dart hits the hobgoblin.
You kill the hobgoblin!
The goblin unwields an uncursed dagger.
The goblin wields a hunting sling.
The goblin shoots a stone.
The stone closely misses you.
You now have 5/8 mp.
Aim: a goblin, wielding a hunting sling The magic dart hits the goblin.
You kill the goblin!
You now have 4/8 mp.
You can't see any susceptible monsters within range! (Use Z to cast anyway.)
A bat comes into view.
Aim: a bat The magic dart hits the bat.
You kill the bat!
You now have 4/8 mp.
You see here a hobgoblin corpse.
You butcher the hobgoblin corpse.
f - 2 chunks of flesh {@w0} You see here a hobgoblin skeleton.
You see here a bat corpse.
Found an ancient bone altar of Kikubaaqudgha.
j - 2 scrolls labeled CUETEROTUU (gained 1)
Your magical contamination has completely faded away.
You see here a bat corpse.
You butcher the bat corpse.
f - 3 chunks of flesh {@w0} (gained 1)
You see here a bat skeleton.
You see here a hobgoblin skeleton.
k - a cyan potion You see here a bat skeleton.
Terence the Incautious comes into view.
He is wielding a flail.
Aim: Terence, wielding a flail and wearing a scale mail (resting)
The magic dart hits Terence.
You now have 6/8 mp.
Aim: Terence, wielding a flail and wearing a scale mail The magic dart hits Terence.
You now have 5/8 mp.
Terence hits you with a flail.
You take 4 damage, and have 24/28 hp.
There is a stone staircase leading up here.
Terence hits you with a flail.
You climb upwards.
There is a stone staircase leading down here.
You take 5 damage, and have 20/28 hp.
You miscast Blink.
You are very lightly contaminated with residual magic.
You catch a glimpse of the back of your own head.
Terence hits you with a flail.
You take 2 damage, and have 18/28 hp.
You now have 5/8 mp.
Aim: Terence, wielding a flail and wearing a scale mail The splash of poison hits Terence.
Terence appears unharmed.
You feel slightly more hungry. Terence barely misses you.
You miscast Blink.
The air around you crackles with energy!
You now have 3/8 mp.
Terence closely misses you. Terence barely misses you.
You have got your breath back.
Terence hits you with a flail.
You take 5 damage, and have 13/28 hp.
Really slither into that teleport trap?
You enter a teleport trap!
The teleport trap disappears.
Your surroundings seem slightly different.
Terence hits you with a flail.
* * * LOW HITPOINT WARNING * * *
You take 5 damage, and have 8/28 hp.
Aim: Terence, wielding a flail and wearing a scale mail The splash of poison hits Terence.
Terence is poisoned.
You feel slightly more hungry. Terence barely misses you.
Aim: Terence, wielding a flail and wearing a scale mail (heavily wounded, poisoned)
The magic dart hits Terence.
You are feeling hungry.
Terence barely misses you.
You now have 3/8 mp.
Aim: Terence, wielding a flail and wearing a scale mail (heavily wounded, poisoned)
The magic dart hits Terence.
Terence hits you with a flail!
You die...

.# #..####.#.# #.#.# .# #..#
#.#.# #.#.# .# #..# #.#.# #.#.#
.####..####.#.##############.#.#
...............................#
.####..####.#................#.#
.# #..####.###############..#.#
.# #..#...........########..#.#
.####..#.##.....@@...........#.#
..............#.##.########.##.#
############)##.#......# #.##.#
.....).......##.#..#.#.# #.##.#
......................># #.##.#
............###.#..#.### #.##.#
###########.# #.#..#.# #....#
..........#.# #.#..#.###########
..#######.#.# #.#..#.........#


You could see Terence.

Vanquished Creatures
  An ooze (D:1)
  2 leopard geckos (D:1)
  3 giant cockroaches (D:1)
  8 goblins
  2 hobgoblins
  2 jackals (D:1)
  2 bats
  2 frilled lizards (D:1)
  2 rats (D:1)
24 creatures vanquished.

Notes
Turn   | Place    | Note
-------+----------+-------------------------------------------
     0 | D:1      | Yawgmoth the Naga Wizard began the quest for the Orb.
     0 | D:1      | Reached XP level 1. HP: 15/15 MP: 4/4
   199 | D:1      | Reached XP level 2. HP: 6/22 MP: 0/6
   832 | D:1      | Reached skill level 2 in Conjurations
   991 | D:1      | Reached XP level 3. HP: 28/28 MP: 5/7
  1134 | D:1      | Learned a level 2 spell: Blink
  1138 | D:1      | Learned a level 3 spell: Mephitic Cloud
  1620 | D:2      | Found an ancient bone altar of Kikubaaqudgha.
  1636 | D:2      | Noticed Terence
  1662 | D:1      | Slain by Terence

Skill      XL: |  1  2 |
---------------+-------+-----
Conjurations   | 2 |  2.2
Dodging        | |  1.5
Stealth        | |  3.0
Spellcasting   | |  3.5
Summonings     | |  1.0
Translocations | |  1.0

Action                   || total
-------------------------++-------
Melee: Unarmed           ||     2
 Cast: Magic Dart        ||    62
 Abil: Spit Poison       ||     6
  Eat: Chunk             ||     1
Armor: Robe              ||     5
Dodge: Dodged            ||    22

Vault maps used:
D:1:      minmay_arrival_plants_in_alcoves
D:2:      lemuel_coloured_pillars_altar, grunt_temple_overflow_open,
          tgw_kikubaaqudgha, uniq_terence

Table legend:
 A = Turns spent in this place as a percentage of turns spent in the entire game.
 B = Non-inter-level travel turns spent in this place as a percentage of non-inter-level travel turns spent in the entire game.
 C = Inter-level travel turns spent in this place as a percentage of turns spent in this place.
 D = Turns resting spent in this place as a percentage of non-inter-level travel turns spent in this place.
 E = Turns spent auto-exploring this place as a percentage of non-inter-level travel turns spent in this place.
 F = Non-inter-level travel turns spent in this place divided by the number of levels of this place that you've seen.
                   A       B       C       D       E      F
               +-------+-------+-------+-------+-------+----------------------
         Total | 100.0 | 100.0 |   0.4 |  42.0 |  43.5 | 828.0
       Dungeon | 100.0 | 100.0 |   0.4 |  42.0 |  43.5 | 828.0
               +-------+-------+-------+-------+-------+----------------------

Table legend:
 A = Kills in this place as a percentage of kills in entire the game.
 B = Kills by you in this place as a percentage of kills by you in the entire game.
 C = Kills by friends in this place as a percentage of kills by friends in the entire game.
 D = Other kills in this place as a percentage of other kills in the entire game.
 E = Experience gained in this place as a percentage of experience gained in the entire game.
 F = Experience gained in this place divided by the number of levels of this place that you have seen.
                   A       B       C       D       E      F
               +-------+-------+-------+-------+-------+----------------------
         Total | 100.0 | 100.0 |   N/A |   N/A | 100.0 |  24.0
       Dungeon | 100.0 | 100.0 |   N/A |   N/A | 100.0 |  24.0
               +-------+-------+-------+-------+-------+----------------------
